 Dungeon Crawl Stone Soup version 0.20-a0-1000-g0e8f6bb (console) character file.

186112 vuev the Executioner (level 17, 0/255 HPs)
             Began as a Minotaur Berserker on Apr 12, 2017.
             Was a High Priest of Trog.
             Succumbed to a nagaraja's poison arrow
             ... on level 4 of the Snake Pit.
             The game lasted 01:08:12 (37673 turns).

vuev the Executioner (Minotaur Berserker)          Turns: 37673, Time: 01:08:13

Health: 0/255      AC: 37    Str: 35    XL:     17   Next: 83%
Magic:  16/16      EV: 11    Int:  4    God:    Trog [*****.]
Gold:   1415       SH:  4    Dex: 19    Spells: 16/16 levels left

rFire    . . .     SeeInvis .   K - +4 executioner's axe (protect)
rCold    . . .     Gourm    .   (shield currently unavailable)
rNeg     + . .     Faith    .   W - +8 chain mail of Fortification {rN+ Str+7}
rPois    +         Spirit   .   (helmet restricted)
rElec    .         Reflect  +   O - +0 cloak {rPois}
rCorr    .         Harm     .   G - +1 pair of gloves {Dex+3}
MR       ++++.                  (no boots)
Stlth    ..........             a - +4 amulet of reflection
Regen    1.6/turn               C - +2 ring of protection
MPRegen  0.2/turn               h - ring of poison resistance

@: berserking (expiring), lethally poisoned (0 -> -7), protection aura,
regenerating, very quick
A: retaliatory headbutt, horns 2, yellow scales 1, magic resistance 1, sense
surroundings 1
a: Berserk, Trog's Hand, Brothers in Arms, Burn Spellbooks, Renounce Religion


You were on level 4 of the Snake Pit.
You worshipped Trog.
Trog was extremely pleased with you.
You were near starving.

You visited 4 branches of the dungeon, and saw 27 of its levels.
You visited 1 bazaar.
You also visited: Sewer.

You collected 2464 gold pieces.
You spent 1049 gold pieces at shops.

Inventory:

Hand Weapons
 K - a +4 executioner's axe of protection (weapon)
 M - a +1 battleaxe of flaming
Missiles
 b - 3 throwing nets
 I - 14 javelins (quivered)
Armour
 G - a +1 pair of gloves of dexterity (worn)
 O - a +0 cloak of poison resistance (worn)
 W - the +8 chain mail of Fortification (worn) {rN+ Str+7}
   (You found it on level 11 of the Dungeon)

   It affects your strength (+7).
   It protects you from negative energy.
 Z - a +1 cloak of magic resistance
Jewellery
 a - a +4 amulet of reflection (around neck)
 e - an uncursed ring of positive energy
 h - a ring of poison resistance (right hand)
 s - an uncursed ring of ice
 w - an uncursed ring of see invisible
 C - a +2 ring of protection (left hand)
 E - an uncursed ring of protection from magic
 H - an uncursed amulet of guardian spirit
Wands
 y - a wand of iceblast (8/15)
 B - a wand of iceblast (7/15)
 F - a wand of acid (7/15)
 L - a wand of acid (7/15)
 N - a wand of digging (9/24)
 P - a wand of acid (6/15)
 Q - a wand of iceblast (10/15)
 T - a wand of digging (8/24)
 U - a wand of paralysis (13/24)
 X - a wand of digging (14/24)
 Y - a wand of disintegration (4/24)
Scrolls
 d - 19 scrolls of identify
 k - 2 scrolls of blinking
 l - 4 scrolls of remove curse
 n - a scroll of fog
 o - 2 scrolls of fear
 q - 5 scrolls of teleportation
 u - a scroll of summoning
 v - a scroll of magic mapping
 D - 2 scrolls of recharging
Potions
 i - 4 potions of brilliance
 j - 3 potions of haste
 m - 7 potions of curing
 p - 2 potions of might
 r - a potion of magic
 t - 3 potions of cancellation
 x - 3 potions of agility
 z - 2 potions of berserk rage
 J - 3 potions of ambrosia
 S - 3 potions of heal wounds
 V - a potion of mutation
Miscellaneous
 R - 2 phantom mirrors
Comestibles
 c - 8 bread rations
 f - 13 fruits
 g - 16 meat rations
 A - 11 royal jellies


   Skills:
 + Level 20.1 Fighting
 + Level 25.5 Axes
 + Level 15.4 Armour
 - Level 2.1 Dodging
 - Level 0.5 Evocations


You had 16 spell levels left.
You didn't know any spells.

Dungeon Overview and Level Annotations

Branches:
Dungeon (15/15)            Temple (0/1) D:4            Lair (6/6) D:9
  Swamp (0/4) Lair:2        Snake (4/4) Lair:4        Slime (0/5) Lair:5
    Orc (2/2) D:10            Elf (0/3) Orc:2        Vaults (0/5) D:14
 Depths (0/5) D:15

Altars:
Dithmenos
Fedhas
Kikubaaqudgha
Makhleb
Okawaru
Sif Muna
Trog
Vehumet
Yredelemnul
The Shining One
Beogh

Shops:
D:5 (   D:7 %   D:8 ?   D:9 *   D:12 *   D:14 (   Orc:1 [   Orc:2 !?}=[

Portals:
Trove: D:15 (show slimy rune of Zot)

Annotations:
D:15 exclusion: fire giant
Lair:4 exclusion: 3 oklob plants
Lair:6 exclusion: 3 oklob plants


Innate Abilities, Weirdness & Mutations

You reflexively headbutt those who attack you in melee.
You have a pair of horns on your head.
You are partially covered in yellow scales. (AC +2)
You are resistant to hostile enchantments. (MR+)
You passively map a small area around you.


Message History

You slash the nagaraja!
The nagaraja is severely wounded.
* * * LOW HITPOINT WARNING * * *
You feel sick.
The nagaraja hits you but does no damage.
The nagaraja barely misses you.
You open the nagaraja like a pillowcase!!!
You feel the power of Trog in you as your rage grows.
You kill the nagaraja!
Trog accepts your kill.
Trog appreciates your killing of a magic user.
* * * LOW HITPOINT WARNING * * *
You feel sick.
The nagaraja casts a spell.
The nagaraja seems to speed up.
* * * LOW HITPOINT WARNING * * *
You feel sick.
Items here: (( )))))) [[[[ You feel a strong urge to attack something.
You die...

..............###....##.#..## '
.....................#.......
,............,........#....)..
#.......... ........#.......
.......... , .......##..(.##
,,.........#######......###'###
................#............ ,
.........######*#............
....N....))(@(###....รท.####..
.......##))##()#......##..#..
......##.[))##........#...#..
#....##...(..##.......#...##.
#...##...##).(##.[....#....#.
#..##...####...##.....#,...#. *
#.##.(.##..##...##....###.##.
*##...##....##...##.....#'#..
##....#......#....##.........


There were no monsters in sight!

Vanquished Creatures
  Rupert (Orc:2)
  Frances (Snake:1)
  Kirke (D:13)
  7 nagarajas
  A fire giant (D:15)
  The ghost of vuev the Eclecticist, a journeyman DECj of Vehumet (Snake:1)
  Nessos (D:13)
  Snorg (Lair:5)
  The ghost of Nico3ck the Martial Artist, a journeyman BuTm of Okawaru (Orc:1)
  Josephine (D:10)
  A vault guard (D:14)
  The ghost of Yanek the Cleaver, a journeyman MiBe of Trog (D:11)
  9 hydras
  19 naga warriors
  A catoblepas (D:13)
  A death knight (D:15)
  6 two-headed ogres
  11 anacondas
  2 centaur warriors
  A tengu warrior (D:15)
  6 shock serpents
  9 death yaks
  A queen ant (Lair:3)
  Urug (D:10)
  The ghost of Malvoorn the Spear-Bearer, a novice MfSk of Ashenzari (Lair:1)
  3 orc high priests
  10 naga sharpshooters
  Sonja (D:13)
  4 salamander mystics
  3 unseen horrors
  7 naga ritualists
  A wolf spider zombie (D:15)
  A wizard (D:14)
  2 deep elf magi (D:15)
  5 cyclopes
  6 mana vipers
  8 ugly things
  15 salamanders
  5 orc sorcerers
  5 manticores
  17 elephants
  12 guardian serpents
  Maurice (D:11)
  A water nymph (shapeshifter) (D:14)
  23 naga magi
  2 centaur zombies
  37 black mambas
  Joseph (Lair:1)
  20 spiny frogs
  2 gargoyles (D:15)
  A rime drake (Lair:5)
  A centaur skeleton (D:15)
  A yaktaur (D:15)
  2 freezing wraiths (D:15)
  A kobold demonologist (D:12)
  8 komodo dragons
  2 tengu conjurers
  A hornet (D:15)
  Grinder (D:3)
  3 tyrant leeches (Lair:6)
  9 trolls
  A blink frog (shapeshifter) (D:15)
  3 slime creatures (D:14)
  18 dream sheep
  A harpy skeleton (D:15)
  31 blink frogs
  10 hippogriffs
  Sigmund (D:3)
  A shadow (D:13)
  A centaur simulacrum (D:14)
  7 wraiths
  A yak (shapeshifter) (D:15)
  3 wyverns
  59 yaks
  5 hogs (D:13)
  2 basilisks
  3 steam dragons (D:10)
  A hungry ghost (D:12)
  6 vampire mosquitoes (Lair:6)
  62 nagas
  Edmund (D:4)
  7 wargs
  20 soldier ants (Lair:3)
  An acid dragon (D:12)
  7 water moccasins
  A water moccasin (shapeshifter) (D:10)
  12 porcupines
  2 ice beasts
  5 sky beasts
  19 orc warriors
  A phantom (D:10)
  A hornet zombie (D:9)
  10 ogres
  2 eyes of draining
  15 wolves
  30 centaurs
  A black bear (D:12)
  13 crocodiles
  A big kobold (D:10)
  32 bullfrogs
  A wyvern zombie (D:11)
  2 scorpions
  A howler monkey (D:8)
  7 crimson imps
  3 bullfrog zombies
  3 quasits
  Crazy Yiuf (D:2)
  3 bullfrog skeletons
  6 hounds
  2 jellies
  22 orc priests
  Jessica (D:2)
  3 iguanas
  37 orc wizards
  29 worker ants
  2 hound skeletons
  A hound zombie (D:9)
  A worker ant zombie (D:9)
  7 adders
  7 gnolls
  6 river rats
  4 shadow imps
  2 oozes
  An adder skeleton (D:7)
  5 worms (D:2)
  2 dart slugs (D:4)
  6 leopard geckos
  72 orcs
  5 ball pythons
  6 bats
  4 giant cockroaches
  5 goblins
  11 hobgoblins
  9 jackals
  6 kobolds
  3 quokkas
  10 frilled lizards
  A leopard gecko zombie (D:7)
  11 rats
  4 fungi
  5 plants
1022 creatures vanquished.

Vanquished Creatures (collateral kills)
  Harold (Lair:2)
  A naga warrior (Snake:4)
  A centaur warrior (D:13)
  A black mamba (Lair:1)
  A naga mage (Snake:4)
  A komodo dragon (Lair:6)
  2 tyrant leeches (Lair:6)
  3 blink frogs (Lair:2)
  4 yaks (Lair:6)
15 creatures vanquished.

Vanquished Creatures (others)
  A bush (Lair:6)
  24 fungi
  56 plants
81 creatures vanquished.

Grand Total: 1118 creatures vanquished

Notes
Turn   | Place    | Note
-------+----------+-------------------------------------------
     0 | D:1      | vuev the Minotaur Berserker began the quest for the Orb.
     0 | D:1      | Reached XP level 1. HP: 19/19 MP: 0/0
   312 | D:1      | Reached XP level 2. HP: 26/27 MP: 1/1
   540 | D:1      | Reached skill level 4 in Axes
   971 | D:2      | Reached XP level 3. HP: 33/33 MP: 0/2
   979 | D:2      | Noticed Jessica
   989 | D:2      | Killed Jessica
  1141 | D:2      | Reached ** piety under Trog
  1150 | D:2      | Reached XP level 4. HP: 41/41 MP: 1/3
  1571 | D:2      | Found a runed door.
  1671 | D:2      | Noticed Crazy Yiuf
  1675 | D:2      | Killed Crazy Yiuf
  1675 | D:2      | Reached skill level 5 in Axes
  1935 | D:3      | Found a glowing drain.
  1944 | D:3      | Reached skill level 5 in Fighting
  1944 | D:3      | Reached XP level 5. HP: 32/48 MP: 1/4
  2029 | Sewer    | Entered a sewer
  2798 | D:3      | Reached *** piety under Trog
  2806 | D:3      | Noticed Sigmund
  2819 | D:3      | Killed Sigmund
  2819 | D:3      | Reached skill level 6 in Axes
  2819 | D:3      | Reached XP level 6. HP: 56/56 MP: 1/5
  2863 | D:3      | Noticed Grinder
  2877 | D:3      | Paralysed by Grinder for 7 turns
  2888 | D:3      | Killed Grinder
  2888 | D:3      | Reached skill level 7 in Axes
  2888 | D:3      | Reached skill level 5 in Armour
  2888 | D:3      | Reached XP level 7. HP: 17/61 MP: 2/6
  4098 | D:4      | Found a staircase to the Ecumenical Temple.
  4147 | D:4      | Noticed Edmund
  4161 | D:4      | Killed Edmund
  4161 | D:4      | Reached skill level 8 in Axes
  4412 | D:4      | Found an iron altar of Okawaru.
  4413 | D:4      | Found a burning altar of Makhleb.
  4419 | D:4      | Reached XP level 8. HP: 64/70 MP: 2/7
  4561 | D:4      | Found a blossoming altar of Fedhas.
  4704 | D:5      | Entered Level 5 of the Dungeon
  5058 | D:5      | Reached skill level 9 in Axes
  5060 | D:5      | Reached **** piety under Trog
  5646 | D:5      | Found Xaceam's Antique Weapon Shoppe.
  6433 | D:6      | Found a basalt altar of Yredelemnul.
  6473 | D:6      | Reached skill level 10 in Axes
  6799 | D:6      | Found a deep blue altar of Sif Muna.
  6887 | D:6      | Identified Sif Muna's Papyrus of Summoning
  6897 | D:6      | Found an ancient bone altar of Kikubaaqudgha.
  6913 | D:6      | Found a radiant altar of Vehumet.
  6916 | D:6      | Reached XP level 9. HP: 79/79 MP: 2/8
  7194 | D:7      | Found a shadowy altar of Dithmenos.
  7309 | D:7      | Reached ***** piety under Trog
  7489 | D:7      | Found Japtoyv's Food Shop.
  7841 | D:8      | Reached skill level 11 in Axes
  8088 | D:8      | Found Guluhusm's Magic Scroll Shop.
  8108 | D:8      | Noticed a troll
  8119 | D:8      | Killed a troll
  8285 | D:8      | Found a glowing golden altar of the Shining One.
  8423 | D:8      | Noticed a two-headed ogre
  8433 | D:8      | Killed a two-headed ogre
  8433 | D:8      | Received a gift from Trog
  8433 | D:8      | Reached skill level 12 in Axes
  8773 | D:9      | Found Mudo Ekh's Assorted Antiques.
  8888 | D:9      | Bought an iridescent war axe for 272 gold pieces
  8888 | D:9      | Identified the +4 war axe "Dazach" {protect, +Fly rElec MR+ Str+2} (You bought it in a shop on level 9 of the Dungeon)
  8942 | D:9      | Bought a scroll of teleportation for 96 gold pieces
  9012 | D:9      | Reached XP level 10. HP: 90/91 MP: 9/9
  9067 | D:9      | Found a bloodstained altar of Trog.
  9132 | D:9      | Found a staircase to the Lair.
  9874 | Lair:1   | Entered Level 1 of the Lair of Beasts
  9942 | Lair:1   | Noticed a black mamba
  9950 | Lair:1   | Killed a black mamba
  9950 | Lair:1   | Reached skill level 13 in Axes
 10063 | Lair:1   | Noticed Malvoorn's ghost (novice MfSk)
 10086 | Lair:1   | Noticed Joseph
 10086 | Lair:1   | Killed Malvoorn's ghost
 10090 | Lair:1   | Killed Joseph
 10090 | Lair:1   | Reached skill level 10 in Fighting
 10090 | Lair:1   | Reached skill level 10 in Armour
 10091 | Lair:1   | Noticed a black mamba
 10098 | Lair:1   | Killed a black mamba
 10430 | Lair:1   | Reached skill level 14 in Axes
 10676 | Lair:1   | Reached XP level 11. HP: 101/101 MP: 10/10
 10952 | Lair:2   | Reached skill level 15 in Axes
 11033 | Lair:2   | Noticed a death yak
 11034 | Lair:2   | Noticed a death yak
 11044 | Lair:2   | Noticed a death yak
 11049 | Lair:2   | Killed a death yak
 11052 | Lair:2   | Killed a death yak
 11061 | Lair:2   | Killed a death yak
 11293 | Lair:2   | Noticed Harold
 11301 | Lair:2   | HP: 3/102 [Harold/bolt of fire (31)]
 11304 | Lair:2   | HP: 1/102 [Harold/hand axe (7)]
 11306 | Lair:2   | Killed Harold
 11788 | Lair:2   | Reached skill level 16 in Axes
 12029 | Lair:2   | Found a staircase to the Swamp.
 12214 | Lair:2   | Noticed an eight-headed hydra
 12220 | Lair:2   | Killed a five-headed hydra
 12444 | Lair:2   | Received a gift from Trog
 12444 | Lair:2   | Reached XP level 12. HP: 90/112 MP: 8/11
 13228 | Lair:3   | Noticed a five-headed hydra
 13232 | Lair:3   | Noticed a seven-headed hydra
 13253 | Lair:3   | Killed a one-headed hydra
 13253 | Lair:3   | Reached skill level 17 in Axes
 13259 | Lair:3   | Killed a four-headed hydra
 13980 | Lair:3   | Noticed a queen ant
 13988 | Lair:3   | Received a gift from Trog
 14002 | Lair:3   | Killed a queen ant
 15018 | Lair:4   | Noticed a six-headed hydra
 15029 | Lair:4   | Reached XP level 13. HP: 125/125 MP: 3/12
 15033 | Lair:4   | Reached skill level 18 in Axes
 15975 | Lair:4   | Identified the Catalogue of Twisted Good Luck
 16084 | Lair:4   | Found a staircase to the Snake Pit.
 16912 | Lair:5   | Reached skill level 15 in Fighting
 17045 | Lair:5   | Found a staircase to the Slime Pits.
 17150 | Lair:5   | Noticed Snorg
 17156 | Lair:5   | Killed Snorg
 17757 | Lair:6   | Entered Level 6 of the Lair of Beasts
 17773 | Lair:6   | Reached skill level 19 in Axes
 17863 | Lair:6   | Received a gift from Trog
 18514 | Lair:6   | Reached XP level 14. HP: 73/136 MP: 2/13
 19274 | Lair:6   | Reached skill level 20 in Axes
 20733 | Lair:6   | Got a fine lead ring
 20745 | Lair:6   | Identified the ring of Life {*Contam rPois rN+ Int+4} (You found it on level 6 of the Lair of Beasts)
 20815 | Lair:6   | Gained mutation: You are frail. (-10% HP) [mutagenic glow]
 20950 | Lair:6   | Lost mutation: You are frail. (-10% HP) [potion of mutation]
 20950 | Lair:6   | Gained mutation: You are frail. (-10% HP) [potion of mutation]
 20950 | Lair:6   | Gained mutation: Your magical capacity is low. (-10% MP) [potion of mutation]
 20950 | Lair:6   | Gained mutation: You are partially covered in yellow scales. (AC +2) [potion of mutation]
 20951 | Lair:6   | Lost mutation: You are frail. (-10% HP) [potion of mutation]
 20951 | Lair:6   | Lost mutation: Your magical capacity is low. (-10% MP) [potion of mutation]
 20951 | Lair:6   | Gained mutation: You are resistant to hostile enchantments. (MR+) [potion of mutation]
 20951 | Lair:6   | Gained mutation: You passively map a small area around you. [potion of mutation]
 21302 | D:10     | Entered Level 10 of the Dungeon
 21302 | D:10     | Noticed Urug
 21310 | D:10     | Killed Urug
 21356 | D:10     | Reached ****** piety under Trog
 21356 | D:10     | Received a gift from Trog
 21387 | D:10     | Got a shimmering executioner's axe {god gift}
 21388 | D:10     | Identified the +2 executioner's axe of Firom {venom, rElec MR- Dex+6} (Trog gifted it to you on level 10 of the Dungeon)
 21580 | D:10     | Found a basalt altar of Yredelemnul.
 21614 | D:10     | Found a staircase to the Orcish Mines.
 21661 | D:10     | Noticed Josephine
 21666 | D:10     | Killed Josephine
 22127 | D:11     | Noticed Maurice
 22132 | D:11     | Killed Maurice
 22542 | D:11     | Got a polished chain mail
 22544 | D:11     | Identified the +8 chain mail of Fortification {rN+ Str+7} (You found it on level 11 of the Dungeon)
 22952 | D:11     | Noticed Yanek's ghost (journeyman MiBe)
 22960 | D:11     | Killed Yanek's ghost
 22960 | D:11     | Reached skill level 21 in Axes
 23394 | Orc:1    | Entered Level 1 of the Orcish Mines
 23486 | Orc:1    | Found Hiwup's Armour Shoppe.
 23516 | Orc:1    | Noticed Nico3ck's ghost (journeyman BuTm)
 23548 | Orc:1    | Killed Nico3ck's ghost
 23939 | Orc:1    | Reached XP level 15. HP: 142/147 MP: 14/14
 24178 | Orc:1    | Found a roughly hewn altar of Beogh.
 24223 | Orc:2    | Entered Level 2 of the Orcish Mines
 24430 | Orc:2    | Found Binovife's Armour Emporium.
 24443 | Orc:2    | Bought a +1 cloak of magic resistance for 181 gold pieces
 24505 | Orc:2    | Received a gift from Trog
 24621 | Orc:2    | Found Zutal's Magic Scroll Boutique.
 24621 | Orc:2    | Found Udimpiz's Distillery.
 24622 | Orc:2    | Found Boxucef's Gadget Shop.
 24625 | Orc:2    | Found Ajuleoll's Jewellery Shop.
 24656 | Orc:2    | Bought a potion of heal wounds for 70 gold pieces
 24656 | Orc:2    | Bought a potion of heal wounds for 70 gold pieces
 24737 | Orc:2    | Found a staircase to the Elven Halls.
 24739 | Orc:2    | Noticed Rupert
 24750 | Orc:2    | Killed Rupert
 26162 | D:12     | Found Beqipt's Assorted Antiques.
 26374 | D:12     | Received a gift from Trog
 27086 | D:13     | Noticed Nessos
 27119 | D:13     | Reached skill level 22 in Axes
 27124 | D:13     | Killed Nessos
 27610 | D:13     | Noticed Sonja
 27617 | D:13     | Killed Sonja
 27794 | D:13     | Noticed Kirke
 27806 | D:13     | Killed Kirke
 28226 | D:14     | Found Cuaqaon's Weapon Shop.
 28651 | D:14     | Found a gate to the Vaults.
 28961 | D:14     | Received a gift from Trog
 29440 | D:15     | Entered Level 15 of the Dungeon
 29487 | D:15     | Found a staircase to the Depths.
 29487 | D:15     | Noticed a fire giant
 30040 | D:15     | Reached XP level 16. HP: 132/158 MP: 15/15
 30178 | D:15     | Found a portal to a secret trove of treasure.
 30263 | D:15     | Reached skill level 23 in Axes
 30823 | Snake:1  | Entered Level 1 of the Snake Pit
 31053 | Snake:1  | Received a gift from Trog
 31652 | Snake:1  | Noticed Frances
 31655 | Snake:1  | Killed Frances
 31686 | Snake:1  | Noticed vuev's ghost (journeyman DECj)
 31701 | Snake:1  | Killed vuev's ghost
 31942 | Snake:1  | Received a gift from Trog
 32936 | Snake:2  | Reached skill level 24 in Axes
 33907 | Snake:3  | Found a gateway to a bazaar.
 33919 | Bazaar   | Entered a bazaar
 33925 | Bazaar   | Found Emano's Distillery.
 33930 | Bazaar   | Found Qutt's Food Emporium.
 33936 | Bazaar   | Found Qowuotwu's Antique Weapon Shoppe.
 33945 | Bazaar   | Found Mafeal Xate's Jewellery Shop.
 33980 | Bazaar   | Found Onyu's Antique Weapon Shop.
 34028 | Bazaar   | Bought a +4 amulet of reflection for 162 gold pieces
 34049 | Bazaar   | Bought a potion of curing for 33 gold pieces
 34049 | Bazaar   | Bought a potion of curing for 33 gold pieces
 34049 | Bazaar   | Bought a potion of agility for 44 gold pieces
 34049 | Bazaar   | Bought a potion of cancellation for 88 gold pieces
 34550 | Snake:3  | Received a gift from Trog
 34878 | Snake:3  | Reached XP level 17. HP: 142/168 MP: 16/16
 35924 | Snake:4  | Entered Level 4 of the Snake Pit
 36101 | Snake:4  | Reached skill level 15 in Armour
 36110 | Snake:4  | Received a gift from Trog
 36123 | Snake:4  | Reached skill level 25 in Axes
 36227 | Snake:3  | HP: 6/169 [shock serpent/bolt of electricity (22)]
 37494 | Snake:4  | Received a gift from Trog
 37669 | Snake:4  | HP: 4/255 [nagaraja/poison arrow (10)]
 37672 | Snake:4  | HP: 1/255 [poisoned by a nagaraja (poison arrow)]
 37673 | Snake:4  | Succumbed to a nagaraja's poison arrow

Vault maps used:
D:1:      tarquinn_simple_flora_water_a
D:2:      first_bread, uniq_crazy_yiuf_cottage, uniq_jessica
D:3:      portal_sewer_entry_a, uniq_sigmund, uniq_grinder
D:4:      fedhas_altar_fruit_tree, gammafunk_temple_overflow_pools,
          minmay_temple_entry_crystal_x, nrook_mini_backslash, uniq_edmund
D:5:      serial_shops, nicolae_shop_behind_doors
D:6:      palyth_temple_overflow_mages, overflow_temple_1_default,
          wad_floor_pattern_1, hex_intersection
D:7:      grunt_dithmenos_smoke_and_mirrors, serial_shops, shop
D:8:      old_standard_altar, serial_shops, shop
D:9:      marbit_many_paths, erik_lair_orcish_takeover, serial_shops,
          nicolae_shop_overgrown_old_shop
D:10:     cheibrodos_steamvent, orc_0_dummy, blue_anna_alchemist, minivault_24,
          lemuel_statue_altar, uniq_josephine, uniq_urug
D:11:     uniq_maurice
D:12:     serial_shops, shop_statue
D:13:     uniq_sonja, uniq_kirke, uniq_nessos
D:14:     david_vaults_5, serial_shops, shop
D:15:     grunt_enter_depths_giant_problem, hex_tiny,
          nicolae_trove_entry_crossroad
Lair:1:   uniq_joseph
Lair:2:   swamp_mist, minmay_stone_trees_small, st_stairs_10, lemuel_fruit_tree,
          uniq_harold
Lair:3:   minivault_29, serial_bayou_shore_b, infiniplex_staircase_pool_2,
          serial_bayou_shore_b
Lair:4:   dummy_snake_entry, minmay_lair_oklob_chamber
Lair:5:   slime_dummy, uniq_snorg
Lair:6:   minmay_lair_end_frog_pond, portal_ice_cave_entry_pillars_1,
          disabler_island
Snake:1:  uniq_frances
Snake:3:  serial_shops, bzr_entry_water, basic_loot_grate_trap
Snake:4:  johnstein_snake_rune_scales
Orc:1:    serial_shops, nicolae_shop_window_shopping, minmay_orc_temple_b
Orc:2:    st_orc_mages, serial_shops, nicolae_shop_window_shopping, uniq_rupert
Bazaar:   bazaar_kb_twisted_cavern
Sewer:    sewer_co_cracked_pipes

Skill      XL: |  1  2  3  4  5  6  7  8  9 10 11 12 13 14 15 16 17 |
---------------+----------------------------------------------------+-----
Fighting       | 4 5 6 7 9 10 12 14 15 17 18 19 20 | 20.1
Axes           | 4 5 6 7 8 10 12 14 16 17 19 21 22 24 25 | 25.5
Armour         | 3 4 5 6 8 9 10 11 12 13 14 15 | 15.4
Dodging        | |  2.1
Evocations     | |  0.5

Action                   |  1- 3 |  4- 6 |  7- 9 | 10-12 | 13-15 | 16-18 || total
-------------------------+-------+-------+-------+-------+-------+-------++-------
Melee: Hand axe          |    58 |    83 |   281 |       |       |       ||   422
       Headbutt          |    12 |    14 |    64 |   113 |   276 |   163 ||   642
       Battleaxe         |       |       |    12 |    72 |   355 |       ||   439
       War axe           |       |       |     9 |   421 |   127 |       ||   557
       Executioner's axe |       |       |       |       |   542 |   517 ||  1059
       Unarmed           |       |       |       |       |     2 |       ||     2
Throw: Javelin           |       |       |     5 |       |       |     1 ||     6
Invok: Berserk           |     3 |     4 |     7 |    14 |     4 |     7 ||    39
       Burn Spellbooks   |       |       |     3 |     1 |     3 |     1 ||     8
       Brothers in Arms  |       |       |       |     2 |     2 |     1 ||     5
       Trog's Hand       |       |       |       |     3 |     5 |     4 ||    12
 Abil: Evoke Flight      |       |       |     1 |       |       |       ||     1
Evoke: Wand              |       |       |       |       |     6 |       ||     6
  Use: Scroll            |       |       |    13 |     1 |    12 |     4 ||    30
       Potion            |       |       |       |     3 |    15 |     2 ||    20
 Stab: Confused          |       |       |       |       |     2 |       ||     2
       Distracted        |       |       |       |       |       |     1 ||     1
  Eat: Chunk             |     3 |     9 |    24 |    27 |    37 |    14 ||   114
       Fruit             |       |       |     2 |     3 |    12 |    20 ||    37
       Bread ration      |       |       |       |     1 |     2 |       ||     3
Armor: Animal skin       |     1 |       |       |       |       |       ||     1
       Ring mail         |    11 |    24 |    88 |   181 |   162 |       ||   466
       Chain mail        |       |       |       |       |   361 |   337 ||   698
       Plate armour      |       |       |       |       |    27 |       ||    27
Dodge: Dodged            |    36 |    30 |   153 |   187 |   479 |   225 ||  1110
Block: Other             |       |       |       |       |       |    47 ||    47
       Reflection        |       |       |       |       |       |     4 ||     4
